 Dungeon Crawl Stone Soup version 0.29.0-4-gdea44cf6ec (webtiles) character file.

Game seed: 2605672112551411780

108 qw the Chopper (level 4, -2/26 HPs)
             Began as a Tengu Warper on Aug 28, 2022.
             Slain by a gnoll
             ... wielding a +0 spear
              (5 damage)
             ... on level 3 of the Dungeon.
             The game lasted 00:00:14 (2569 turns).

qw the Chopper (Tengu Warper)                       Turns: 2569, Time: 00:00:14

Health: -2/26      AC:  8    Str: 13    XL:     4   Next: 87%
Magic:  8/8        EV: 11    Int: 14    God:
Gold:   139        SH:  0    Dex: 13    Spells: 7/7 levels left

rFire   . . .      SeeInvis .   Y - +0 hand axe
rCold   . . .      Faith    .   (no shield)
rNeg    . . .      Spirit   .   n - +2 ring mail {rPois}
rPois   +          Reflect  .   (helmet restricted)
rElec   .          Harm     .   (no cloak)
rCorr   .          Rampage  .   h - +0 pair of gloves
Will    .....                   (boots unavailable)
Stlth   +.........              (no amulet)
HPRegen 0.08/turn               (no ring)
MPRegen 0.11/turn               (no ring)

@: about to teleport
A: beak, talons 3
a: no special abilities


You were on level 3 of the Dungeon.
You visited 1 branch of the dungeon, and saw 3 of its levels.

You collected 139 gold pieces.


Innate Abilities, Weirdness & Mutations

You have a beak for a mouth.
You have claws for feet.


   Skills:
 - Level 2.0 Fighting
 + Level 5.4 Axes
 - Level 1.0 Throwing
 - Level 1.1 Armour
 - Level 2.1 Dodging
 - Level 2.0 Spellcasting
 - Level 2.4 Translocations


You had 7 spell levels left.
You didn't know any spells.
Your spell library contained the following spells:

 Spells                   Type           Power      Damage    Failure   Level
 Blink                    Tloc           16%        N/A       28%         2
 Gell's Gravitas          Tloc           8%         N/A       50%         3
 Lesser Beckoning         Tloc           8%         N/A       50%         3
 Teleport Other           Tloc           8%         N/A       50%         3
 Manifold Assault         Tloc           8%         N/A       99%         5

Inventory:

Hand Weapons
 o - a +0 whip
 Y - a +0 hand axe (weapon)
Armour
 a - a +0 chain mail
 h - a +0 pair of gloves (worn)
 n - a +2 ring mail of poison resistance (worn)
Jewellery
 b - a ring of fire
Scrolls
 d - a scroll of teleportation
Potions
 e - a potion of brilliance {unknown}
 f - a potion of curing
 g - a potion of magic {unknown}
 j - a potion of berserk rage {unknown}
 l - a potion of heal wounds {unknown}

Dungeon Overview and Level Annotations

Branches:
Dungeon (3/15)

Altars:

Shops:
D:2 :


Message History

The worm bites you but does no damage. The gnoll barely misses you.
The gnoll closely misses you.
You hit the gnoll. You claw the gnoll, but do no damage. You peck the gnoll.
The gnoll is moderately wounded.
You hit the worm. The gnoll completely misses you.
You hit the gnoll. Your kick misses the gnoll. You peck the gnoll.
The gnoll is almost dead.
You hit the worm. The worm bites you. The gnoll closely misses you.
The gnoll hits you with a +0 halberd.
You closely miss the gnoll. Your kick misses the gnoll. You peck the gnoll.
You kill the gnoll!
You hit the worm. You hit the giant cockroach. The giant cockroach bites you.
The gnoll hits you from afar with a +0 spear.
The worm barely misses you.
You hit the giant cockroach but do no damage.
Your kick misses the giant cockroach.
The giant cockroach is heavily wounded.
You barely miss the worm.
The giant cockroach bites you but does no damage.
The gnoll hits you from afar with a +0 spear.
2567 ||| READING 2 scrolls of teleportation.
As you read the scroll of teleportation, it crumbles to dust.
You feel strangely unstable. The giant cockroach barely misses you.
The gnoll barely misses you. The worm bites you.
You hit the giant cockroach but do no damage.
The giant cockroach is heavily wounded.
You hit the worm. The giant cockroach bites you. The gnoll barely misses you.
The giant cockroach bites you but does no damage.
You hit the worm. You claw the worm, but do no damage.
The worm is heavily wounded.
You closely miss the giant cockroach. The worm barely misses you.
The giant cockroach bites you but does no damage.
The gnoll hits you from afar with a +0 spear.
You die...

.## #.#...#.# #.
#.#...#.#
#.......#
#######.####
.........######.#
#...............#
#.###.)....####.#
#...#....#
#..#gB@....#
.......)w...#
#...##....#.#
.... ....##.# #.
##.... .#
#.....## #.....
#.....#


You could see a worm, a gnoll and a giant cockroach.

Vanquished Creatures
  Robin (D:3)
  2 adders
  2 gnolls (D:3)
  3 dart slugs (D:1)
  2 bats
  4 endoplasms
  2 giant cockroaches
  7 goblins
  6 hobgoblins
  2 jackals (D:1)
  2 quokkas
  8 ball pythons
  4 frilled lizards
  4 kobolds
  4 rats (D:1)
53 creatures vanquished.

Notes
Turn   | Place    | Note
-------+----------+-------------------------------------------
     0 | D:1      | qw the Tengu Warper began the quest for the Orb.
     0 | D:1      | Reached XP level 1. HP: 12/12 MP: 4/4
     0 | D:1      | 0 ||| qw: Version: 0.1-a-89-g26bdef1
     0 | D:1      | 0 ||| qw: Game counter: 2601
     0 | D:1      | 0 ||| qw: Always use a shield: true
     0 | D:1      | 0 ||| qw: God list: Okawaru
     0 | D:1      | 0 ||| qw: Allow faded altars: false
     0 | D:1      | 0 ||| qw: Do Orc after D:15 true
     0 | D:1      | 0 ||| qw: Do second Lair branch before Depths: true
     0 | D:1      | 0 ||| qw: Lair rune preference: random
     0 | D:1      | 0 ||| qw: Plans: Normal
     0 | D:1      | 0 ||| PLANNING D:1-11
    39 | D:1      | 39 ||| Stepping ~*~*~tactically~*~*~ (hiding).
   145 | D:1      | 145 ||| Stepping ~*~*~tactically~*~*~ (stealth).
   148 | D:1      | 148 ||| Stepping ~*~*~tactically~*~*~ (stealth).
   165 | D:1      | Reached skill level 3 in Axes
   165 | D:1      | Reached XP level 2. HP: 12/17 MP: 6/6
   322 | D:1      | 322 ||| Stepping ~*~*~tactically~*~*~ (stealth).
   346 | D:1      | 346 ||| Stepping ~*~*~tactically~*~*~ (stealth).
   467 | D:1      | Reached XP level 3. HP: 15/21 MP: 7/7
   479 | D:1      | 479 ||| Stepping ~*~*~tactically~*~*~ (hiding).
   717 | D:1      | Reached skill level 4 in Axes
  1008 | D:1      | Found a faded altar of an unknown god.
  1140 | D:1      | 1140 ||| DROPPING +0 club.
  1399 | D:1      | 1399 ||| UPGRADING to +0 pair of gloves.
  1404 | D:1      | 1404 ||| UPGRADING to +2 ring mail of poison resistance.
  1414 | D:1      | 1414 ||| DROPPING +0 leather armour.
  1415 | D:1      | 1415 ||| READING scroll labelled SYIRIWUNUO.
  1416 | D:1      | 1416 ||| READING scroll labelled MIAKHL MUOFA.
  1419 | D:1      | 1419 ||| READING 2 scrolls labelled QUPLIP ZEESSIM.
  1420 | D:1      | 1420 ||| READING scroll labelled WEORILLAEM.
  1421 | D:1      | 1421 ||| DROPPING scroll of blinking.
  1422 | D:1      | 1422 ||| DROPPING scroll of fear.
  1529 | D:2      | Found Lufu's Book Shop.
  1830 | D:2      | Reached XP level 4. HP: 13/26 MP: 8/8
  2190 | D:2      | 2190 ||| READING scroll labelled AJONEPN LENGO.
  2191 | D:2      | 2191 ||| DRINKING 2 fizzy emerald potions.
  2302 | D:3      | Noticed Robin
  2320 | D:3      | Killed Robin
  2517 | D:3      | Reached skill level 5 in Axes
  2526 | D:3      | 2526 ||| Stepping ~*~*~tactically~*~*~ (stealth).
  2527 | D:3      | 2527 ||| Stepping ~*~*~tactically~*~*~ (stealth).
  2528 | D:3      | 2528 ||| Stepping ~*~*~tactically~*~*~ (stealth).
  2556 | D:3      | 2556 ||| Stepping ~*~*~tactically~*~*~ (hiding).
  2557 | D:3      | 2557 ||| Stepping ~*~*~tactically~*~*~ (hiding).
  2559 | D:3      | 2559 ||| Stepping ~*~*~tactically~*~*~ (hiding).
  2566 | D:3      | HP: 6/26 [gnoll/+0 spear (2)]
  2567 | D:3      | 2567 ||| READING 2 scrolls of teleportation.
  2569 | D:3      | Slain by a gnoll

Levels and vault maps discovered:
D:1:      psy_arrival_radial01, layout_basic, serial_corexii_hall,
          chequers_hall_statues_y, corexii_hall_statues_x,
          ebering_ecumenical_altar_webs, dreamdust_mushroom_princess,
          minmay_vboxes
D:2:      layout_rooms, serial_shops, shop_fountains, nrook_campfire,
          minmay_hedge_maze, guppyfry_early_lair_pool
D:3:      layout_loops_cross, amethyst_overflow_temple_binary,
          grunt_ministairs_6, uniq_robin

Skill      XL: |  1  2  3  4 |
---------------+-------------+-----
Axes           | 3 4 5 |  5.4
Fighting       | |  2.0
Throwing       | |  1.0
Armour         | |  1.1
Dodging        | |  2.1
Spellcasting   | |  2.0
Translocations | |  2.4

Action                   |  1- 3 |  4- 6 || total
-------------------------+-------+-------++-------
Melee: Hand axe          |    72 |    37 ||   109
       Peck              |     4 |     6 ||    10
       Punch             |     1 |       ||     1
       Kick              |    18 |    10 ||    28
Throw: Boomerang         |     7 |       ||     7
  Use: Scroll            |     4 |     2 ||     6
       Potion            |       |     1 ||     1
Armor: Leather armour    |     5 |       ||     5
       Ring mail         |     6 |    12 ||    18
Dodge: Dodged            |    35 |    28 ||    63

Table legend:
 A = Non-vault XP
 B = Vault XP
 C = Vault XP percentage of total XP
 D = Non-vault monster count
 E = Vault monster count
 F = Vault count percentage of total count
                 A         B        C        D         E       F
            +---------+---------+-------+---------+---------+-------
      Total |     119 |      36 |  23.2 |      40 |      13 |  24.5
            +---------+---------+-------+---------+---------+-------
        D:1 |      48 |       9 |  15.8 |      27 |       5 |  15.6
        D:2 |      27 |       0 |   0.0 |       8 |       0 |   0.0
        D:3 |      44 |      27 |  38.0 |       5 |       8 |  61.5
            +---------+---------+-------+---------+---------+-------
